 Dungeon Crawl Stone Soup version 0.24-a0-433-gbe6fa4f6cc (webtiles) character file.

Game seed: 7468977403026606778

177644 Chimkentus the Fighter (level 17, -5/119 HPs)
             Began as an Octopode Assassin on June 10, 2019.
             Was the Champion of Jiyva.
             Slain by an Ice Fiend (8 damage)
             ... in an ice cave on June 14, 2019.
             The game lasted 09:52:24 (45692 turns).

Chimkentus the Fighter (Octopode Assassin)         Turns: 45692, Time: 09:52:25

Health: -5/119     AC: 11    Str:  9    XL:     17   Next: 86%
Magic:  15/38      EV: 25    Int: 23    God:    Jiyva [******]
Gold:   481        SH:  7    Dex: 26    Spells: 0/32 levels left

rFire    . . .     SeeInvis .   U - +6 hand axe "Ygenyuq" {flame, MP+9}
rCold    + + .     Gourm    .   Y - +0 buckler of Inquiry {+Blink rElec Regen+} (curse)
rNeg     + . .     Faith    .   (helmet restricted)
rPois    +         Spirit   .   n - amulet of the acrobat
rElec    +         Reflect  .   K - ring of positive energy
rCorr    +         Harm     .   B - ring of Wofuet Kyano {rC+ Dex+4 Stlth+}
MR       +....                  N - ring of protection from cold
Stlth    ++++++++++             L - +3 ring of intelligence
HPRegen  1.69/turn              g - +3 ring of protection
MPRegen  0.26/turn              H - ring "Saxayben" {+Fly rPois Dex+3}
                                q - +5 ring of protection
                                l - ring of Shadows {Umbra +Inv Stlth+}

@: slimy, regenerating, wreathed by umbra
A: almost no armour, stealthy swim, amphibious, 8 rings, constrict 8, thin
metallic scales 1, camouflage 1, agile 2, wild magic 1, gelatinous body 1
}: 1/15 runes: serpentine
a: Request Jelly, Slimify, Cure Bad Mutation, Renounce Religion, Evoke Blink,
Evoke Invisibility, Evoke Flight


You were in an ice cave.
You worshipped Jiyva.
Jiyva was exalted by your worship.
You were very full.

You visited 6 branches of the dungeon, and saw 31 of its levels.
You visited 1 bazaar.
You also visited: Ossuary, Ice Cave and Volcano.

You collected 2129 gold pieces.
You spent 1648 gold pieces at shops.

Inventory:

Hand Weapons
 C - a +2 short sword of freezing
 U - the +6 hand axe "Ygenyuq" (weapon) {flame, MP+9}
   (You bought it in a shop on level 9 of the Dungeon)

   It has been specially enchanted to burn those struck by it, causing extra
   injury to most foes and up to half again as much damage against particularly
   susceptible opponents.
   Big, fiery blades are also staple armaments of hydra-hunters.
   It affects your magic capacity (+9).
 X - a +5 dagger of venom
Missiles
 b - 42 poisoned darts
 c - 2 curare-tipped darts
 v - 2 throwing nets
 R - 16 boomerangs (quivered)
 W - 2 atropa-tipped darts
Armour
 Y - the cursed +0 buckler of Inquiry (worn) {+Blink rElec Regen+}
   (You bought it in a shop on level 2 of the Orcish Mines)

   It insulates you from electricity.
   It lets you blink.
   It increases your rate of regeneration.
   It has a curse placed upon it.
Jewellery
 g - a +3 ring of protection (on tentacle)
 l - the ring of Shadows (on tentacle) {Umbra +Inv Stlth+}
   (You bought it in a shop on level 1 of the Orcish Mines)

   [ring of stealth]

   It lets you turn invisible.
   It makes you more stealthy.
 n - an amulet of the acrobat (around mantle)
 o - an uncursed ring of protection from magic
 p - an uncursed ring of stealth
 q - a +5 ring of protection (on tentacle)
 t - an uncursed ring of ice
 x - an uncursed amulet of rage
 z - an uncursed ring of see invisible
 B - the ring of Wofuet Kyano (right tentacle) {rC+ Dex+4 Stlth+}
   (You found it on level 13 of the Dungeon)

   [ring of protection from cold]

   It affects your dexterity (+4).
   It protects you from cold.
   It makes you more stealthy.
 H - the ring "Saxayben" (on tentacle) {+Fly rPois Dex+3}
   (You found it on level 11 of the Dungeon)

   [ring of flight]

   It affects your dexterity (+3).
   It protects you from poison.
   It lets you fly.
 K - a ring of positive energy (left tentacle)
 L - a +3 ring of intelligence (on tentacle)
 N - a ring of protection from cold (on tentacle)
 O - an uncursed ring of fire
Wands
 a - a wand of digging (2)
 M - a wand of polymorph (10)
 Q - a wand of random effects (3)
Scrolls
 h - 10 scrolls of teleportation
 m - a scroll of torment
 r - a scroll of blinking
 s - 2 scrolls of enchant armour
 w - a scroll of fear
 y - a scroll of fog
 A - a scroll of immolation
 I - 4 scrolls of remove curse
Potions
 e - 4 potions of haste
 f - a potion of might
 i - 13 potions of curing
 j - 4 potions of brilliance
 k - a potion of flight
 D - 2 potions of magic
 E - a potion of lignification
 J - a potion of resistance
 S - a potion of cancellation
 T - 5 potions of berserk rage
 V - 2 potions of ambrosia
Miscellaneous
 u - a lamp of fire (inert)
Comestibles
 d - 43 rations


   Skills:
 * Level 12.1 Fighting
 + Level 5.1 Short Blades
 + Level 8.6(9.6) Axes
   Level 6.4(8.5) Maces & Flails
 + Level 11.2 Throwing
 + Level 11.5 Dodging
 - Level 11.1 Stealth
 * Level 7.4 Shields
 + Level 8.4 Spellcasting
 + Level 0.6 Conjurations
 * Level 8.4 Hexes
 + Level 8.4 Charms
 * Level 6.2 Summonings
 + Level 5.6 Necromancy
 + Level 4.3 Translocations
 + Level 3.4 Ice Magic
 + Level 5.6 Air Magic
 * Level 8.2 Evocations


You couldn't memorise any spells.
You knew the following spells:

 Your Spells              Type           Power        Failure   Level  Hunger
a - Shroud of Golubria    Chrm/Tloc      ######       1%          2    None
b - Regeneration          Chrm/Necr      ######....   2%          3    None
c - Ozocubu's Armour      Chrm/Ice       #####...     3%          3    None
d - Aura of Abjuration    Summ           ######....   21%         5    #####..
e - Ensorcelled Hibernat  Hex/Ice        #####.       1%          2    None
f - Apportation           Tloc           #####.       2%          1    None
g - Confusing Touch       Hex            ######       1%          1    None
h - Tukima's Dance        Hex            ######..     1%          3    None
i - Swiftness             Chrm/Air       ######..     1%          2    None
j - Confuse               Hex            ######..     1%          3    None
k - Dazzling Spray        Conj/Hex       #####.       5%          3    None
l - Airstrike             Air            #####.....   11%         4    ##.....

Your spell library contained the following spells:

 Spells                   Type           Power        Failure   Level  Hunger
 Animate Skeleton         Necr           N/A          1%          1    None
 Corona                   Hex            ######.      1%          1    None
 Infusion                 Chrm           ####         1%          1    None
 Summon Small Mammal      Summ           ####         1%          1    None
 Song of Slaying          Chrm           ######..     1%          2    None
 Spectral Weapon          Hex/Chrm       ######..     1%          3    None
 Freeze                   Ice            ####         3%          1    None
 Shock                    Conj/Air       ####         3%          1    None
 Recall                   Summ/Tloc      N/A          4%          3    None
 Throw Frost              Conj/Ice       ###...       7%          2    None
 Static Discharge         Conj/Air       ####....     9%          3    None
 Summon Ice Beast         Ice/Summ       #####...     13%         4    ##.....
 Summon Mana Viper        Hex/Summ       ######..     13%         5    #####..
 Summon Demon             Summ           ######....   21%         5    #####..
 Summon Forest            Summ/Tloc      #####.....   28%         5    #####..
 Throw Icicle             Conj/Ice       ###.....     36%         4    ##.....
 Iskenderun's Battlesphe  Conj/Chrm      #####...     36%         5    #####..
 Lightning Bolt           Conj/Air       ####......   54%         5    #####..
 Shadow Creatures         Summ           N/A          69%         6    ######.
 Bolt of Magma            Conj/Fire/Erth ##........   90%         5    #####..
 Venom Bolt               Conj/Pois      ##........   90%         5    #####..
 Iron Shot                Conj/Erth      ##........   100%        6    ######.
 Malign Gateway           Summ/Tloc      #####.....   100%        7    #######
 Orb of Destruction       Conj           ###.......   100%        7    #######
 Spellforged Servitor     Conj/Summ      ####......   100%        7    #######


Dungeon Overview and Level Annotations

Branches:
Dungeon (15/15)            Temple (1/1) D:5            Lair (6/6) D:10
 Shoals (3/4) Lair:2        Snake (4/4) Lair:2        Slime (0/5) Lair:5
    Orc (2/2) D:11            Elf (0/3) Orc:2        Vaults (0/5) D:13
 Depths (0/5) D:15

Altars:
Ashenzari
Cheibriados
Dithmenos
Elyvilon
Fedhas
Gozag
Hepliaklqana
Kikubaaqudgha
Makhleb
Nemelex Xobeh
Okawaru
Qazlal
Ru
Sif Muna
Trog
Uskayaw
Vehumet
Wu Jian
Xom
Yredelemnul
Zin
The Shining One
Jiyva

Shops:
D:9 (   D:15 =!*}(   Orc:1 =*:*%   Orc:2 %(}[}(*

Annotations:
Shoals:3 exclusion: 2 ice statues
Snake:4 Aizul IceCv exclusion: 2 ice statues


Innate Abilities, Weirdness & Mutations

You cannot wear most types of armour.
You are very stealthy in the water. (Stealth+)
You are amphibious.
You can wear up to eight rings at the same time.
You can use your tentacles to constrict eight enemies at once.
Your skin changes colour to match your surroundings (Stealth+).
Your rubbery body absorbs attacks. (AC +1, EV +1)
You are partially covered in thin metallic scales. (AC +2)
You are very agile. (Dex +4)
Your spells are a little harder to cast, but a little more powerful.


Message History

You melt the anaconda simulacrum.
The anaconda simulacrum completely misses you.
The anaconda simulacrum bites you! The anaconda simulacrum freezes you.
You resist.
Your shroud falls apart!
The Ice Fiend calls on the powers of darkness!
Your body is wracked with pain!
* * * LOW HITPOINT WARNING * * *
The anaconda simulacrum misses you. x2
You hit the Ice Fiend but do no damage. You slash the anaconda simulacrum!
You melt the anaconda simulacrum.
You block the anaconda simulacrum's attack.
The anaconda simulacrum bites you!
* * * LOW HITPOINT WARNING * * *
The anaconda simulacrum freezes you! You resist.
* * * LOW HITPOINT WARNING * * *
The Ice Fiend claws you!
* * * LOW HITPOINT WARNING * * *
The Ice Fiend freezes you! You resist.
You die...

'..Z......
.8.Z.8.# ...Z..
#.1.# #...# #§§§#
#§§§# ##+#1Z§#+##
#.4##@##..#
###..#§§.#44###
#.####...####.#
#.............##
#...............#
#...............#
#.......⌠.......#
#...............#
#...............#


You could see an Ice Fiend and an anaconda simulacrum.

Vanquished Creatures
  A kraken (Shoals:2)
  The ghost of dracomuter the Fighter, a journeyman DsAK of Lugonu (D:13)
  A stone giant (D:13)
  Nessos (Lair:4)
  An ettin (D:15)
  Josephine (Orc:2)
  A fire dragon (Lair:6)
  2 merfolk impalers (Shoals:1)
  2 ogre magi
  6 hydras
  A vault guard (D:13)
  A merfolk avatar (Shoals:2)
  9 naga warriors
  9 anacondas
  A death knight (D:14)
  A centaur warrior (D:15)
  7 two-headed ogres
  A merfolk aquamancer (Shoals:1)
  An alligator (shapeshifter) (D:13)
  2 tengu warriors
  12 shock serpents
  5 naga sharpshooters
  3 salamander mystics (Snake:1)
  An unseen horror (D:13)
  A deep troll (D:15)
  9 sea snakes
  2 naga ritualists
  3 wizards (D:13)
  24 harpies
  3 orc knights
  5 mana vipers
  An oklob plant (D:10)
  2 lindwurms
  5 ugly things
  8 fauns
  9 manticores
  5 salamanders
  8 cyclopes
  A moth of wrath (Orc:2)
  5 guardian serpents
  3 merfolk sirens
  5 elephants
  27 black mambas
  3 water nymphs (Shoals:2)
  18 naga magi
  A molten gargoyle (Lair:6)
  A torpor snail (Lair:4)
  2 gargoyles
  The ghost of jotwebe the Conjurer, a novice DrCj (D:4)
  4 spiny frogs
  5 ice devils (IceCv)
  8 komodo dragons
  2 freezing wraiths (D:15)
  A rime drake (Lair:1)
  16 merfolk
  A hornet (shapeshifter) (D:14)
  2 meliai (D:14)
  6 trolls
  A hornet (D:7)
  24 blink frogs
  A slime creature (D:13)
  A dancing weapon (Shoals:1)
  7 dream sheep (Shoals:2)
  7 hippogriffs
  5 snapping turtles
  6 water elementals
  A wyvern (D:15)
  A spriggan (D:13)
  A shadow (D:13)
  7 wraiths
  21 humans (D:13)
  40 yaks
  A hungry ghost (D:4)
  6 basilisks
  3 vampire mosquitoes (D:15)
  35 nagas
  Edmund (D:4)
  A soldier ant (D:11)
  A warg (Orc:1)
  An acid dragon (D:13)
  16 water moccasins
  9 porcupines
  Duvessa (D:4)
  2 hell hounds (Lair:6)
  5 ice beasts
  34 orc warriors
  3 black bears
  A sky beast (D:6)
  A phantom (D:7)
  5 boggarts
  An eye of draining (D:15)
  8 wolves
  8 ogres
  11 centaurs
  8 crocodiles
  5 big kobolds
  6 elf zombies (Ossuary)
  17 bullfrogs
  A wyvern zombie (D:9)
  Dowan (D:4)
  9 killer bees (D:10)
  A wyvern skeleton (D:6)
  6 scorpions
  8 wights
  2 vampire bats (Orc:1)
  3 howler monkeys
  3 jellies
  An electric eel (Lair:2)
  5 lava snakes (Lair:6)
  2 crimson imps
  2 bullfrog zombies
  4 centaur zombies
  2 quasits
  5 hounds
  18 orc wizards
  4 human zombies (Ossuary)
  10 orc priests
  3 centaur skeletons
  A bullfrog skeleton (D:4)
  Crazy Yiuf (D:4)
  4 iguanas
  9 worker ants
  A killer bee zombie (D:8)
  2 bullfrog simulacra (D:4)
  A hound zombie (D:6)
  3 mummies (Ossuary)
  12 gnolls
  A howler monkey skeleton (D:5)
  14 adders
  3 shadow imps (D:6)
  A white imp (D:4)
  3 worker ant simulacra (D:4)
  An ooze (D:3)
  An adder skeleton (D:4)
  An adder zombie (D:9)
  4 worms
  A dart slug (D:1)
  10 leopard geckos
  76 orcs
  10 bats
  5 giant cockroaches
  9 goblins
  8 hobgoblins
  22 jackals
  26 kobolds
  3 quokkas
  5 ball pythons
  8 frilled lizards
  A giant cockroach zombie (D:6)
  2 jackal skeletons (D:6)
  A leopard gecko zombie (D:7)
  4 rats
  A fungus (Lair:6)
  3 plants
  A tentacle (Shoals:2)
930 creatures vanquished.

Vanquished Creatures (collateral kills)
  2 nagarajas (Snake:3)
  A merfolk impaler (Shoals:1)
  4 naga warriors
  A merfolk aquamancer (Shoals:1)
  An alligator snapping turtle (Shoals:2)
  2 naga sharpshooters
  2 naga ritualists (Snake:4)
  4 salamanders (Snake:2)
  A faun (Shoals:1)
  A cyclops (D:13)
  A moth of wrath (D:13)
  A merfolk siren (Shoals:2)
  4 naga magi
  2 merfolk
  A water elemental (Shoals:1)
  4 nagas
  An orc warrior (Orc:2)
  2 orcs
35 creatures vanquished.

Vanquished Creatures (others)
  An acid blob (Snake:3)
  2 naga sharpshooters (Snake:3)
  A faun (Shoals:3)
  A manticore (Shoals:1)
  A moth of wrath (D:13)
  A black mamba (Snake:1)
  2 naga magi
  A meliai (D:14)
  2 slime creatures (Snake:4)
  A tengu conjurer (D:15)
  A naga (Snake:3)
  A harpy simulacrum (IceCv)
  14 dancing weapons
  A water moccasin (Snake:1)
  4 centaurs (Orc:2)
  91 jellies
  A hound simulacrum (D:4)
  13 fungi
  13 plants
  27 tentacles (Shoals:2)
179 creatures vanquished.

Grand Total: 1144 creatures vanquished

Notes
Turn   | Place    | Note
-------+----------+-------------------------------------------
     0 | D:1      | Chimkentus the Octopode Assassin began the quest for the
                  | Orb.
     0 | D:1      | Reached XP level 1. HP: 14/14 MP: 1/1
   100 | D:1      | Reached XP level 2. HP: 19/19 MP: 2/2
   251 | D:1      | Reached XP level 3. HP: 21/25 MP: 3/3
   841 | D:2      | Found a deep blue altar of Sif Muna.
   908 | D:2      | Reached XP level 4. HP: 25/30 MP: 4/4
  1459 | D:2      | Found a glowing golden altar of the Shining One.
  1462 | D:2      | Reached skill level 3 in Fighting
  1587 | D:2      | Reached XP level 5. HP: 30/36 MP: 5/5
  1851 | D:3      | Found a stormy altar of Qazlal.
  2343 | D:3      | Found a basalt altar of Yredelemnul.
  2442 | D:4      | Reached XP level 6. HP: 42/42 MP: 6/6
  2501 | D:4      | Noticed Duvessa
  2576 | D:4      | Noticed a hungry ghost
  2590 | D:4      | Killed a hungry ghost
  2590 | D:4      | Reached XP level 7. HP: 47/47 MP: 7/7
  2712 | D:4      | Noticed Edmund
  2741 | D:5      | Entered Level 5 of the Dungeon
  2952 | D:5      | Found a staircase to the Ecumenical Temple.
  2961 | Temple   | Entered the Ecumenical Temple
  3276 | D:4      | Found a runed translucent door.
  3277 | D:4      | Noticed Crazy Yiuf
  3286 | D:4      | Killed Crazy Yiuf
  3357 | D:4      | Noticed jotwebe's ghost (novice DrCj)
  3383 | D:4      | Killed Edmund
  3383 | D:4      | Reached skill level 4 in Fighting
  3383 | D:4      | Reached skill level 1 in Maces & Flails
  3434 | D:4      | Found a runed translucent gate.
  3448 | D:4      | Found a runed translucent gate.
  3448 | D:4      | Found a runed translucent gate.
  3458 | D:4      | Noticed Dowan
  3463 | D:4      | Killed Duvessa
  3463 | D:4      | Reached XP level 8. HP: 49/54 MP: 8/8
  3492 | D:4      | Killed Dowan
  4211 | D:5      | Noticed a yak
  4211 | D:5      | Noticed a yak
  4211 | D:5      | Noticed a yak
  4212 | D:5      | Noticed a yak
  4238 | D:5      | Killed a yak
  4244 | D:5      | Killed a yak
  4246 | D:5      | Noticed a yak
  4650 | D:5      | Killed a yak
  4650 | D:5      | Reached skill level 5 in Throwing
  4707 | D:4      | Killed a yak
  4707 | D:4      | Reached skill level 5 in Fighting
  5119 | D:5      | Killed a yak
  5119 | D:5      | Reached XP level 9. HP: 36/61 MP: 9/9
  5388 | D:6      | Reached skill level 5 in Dodging
  5401 | D:6      | Found a white marble altar of Elyvilon.
  5623 | D:6      | Found a snail-covered altar of Cheibriados.
  6075 | D:6      | Found an ornate altar of the Wu Jian Council.
  6544 | D:6      | Gained mutation: You expend magic power (3 MP) to
                  | strengthen your wands. [potion of mutation]
  6544 | D:6      | Gained mutation: You are resistant to hostile enchantments.
                  | (MR+) [potion of mutation]
  6630 | D:7      | Found a sand-covered staircase.
  6635 | Ossuary  | Entered an ossuary
  6769 | Ossuary  | Reached skill level 6 in Fighting
  6792 | Ossuary  | Reached skill level 5 in Maces & Flails
  7152 | D:7      | Noticed a hornet
  7609 | D:7      | Reached XP level 10. HP: 69/69 MP: 10/10
  7834 | D:7      | Paralysed by a hornet for 2 turns
  8360 | D:7      | Learned a level 2 spell: Shroud of Golubria
  8364 | D:7      | Learned a level 3 spell: Regeneration
  8508 | D:8      | Reached skill level 1 in Necromancy
  8735 | D:8      | Reached skill level 1 in Charms
  8787 | D:8      | Found a hide-covered altar of Uskayaw.
  9605 | D:9      | Found Nulairul's Antique Weapon Boutique.
  9734 | D:9      | Bought a dazzling hand axe for 192 gold pieces
  9734 | D:9      | Identified the +6 hand axe "Ygenyuq" {flame, MP+9} (You
                  | bought it in a shop on level 9 of the Dungeon)
  9791 | D:9      | Found a sacrificial altar of Ru.
 10332 | D:9      | Reached skill level 1 in Axes
 10478 | D:9      | Found a bloodstained altar of Trog.
 10480 | D:9      | Found a sparkling altar of Nemelex Xobeh.
 10481 | D:9      | Found a stormy altar of Qazlal.
 10484 | D:9      | Found a radiant altar of Vehumet.
 10596 | D:10     | Entered Level 10 of the Dungeon
 10599 | D:10     | Noticed an oklob plant
 10601 | D:10     | Found a staircase to the Lair.
 10723 | D:10     | Noticed a two-headed ogre
 10727 | D:10     | Killed a two-headed ogre
 10727 | D:10     | Reached skill level 7 in Fighting
 10968 | D:10     | Reached XP level 11. HP: 75/75 MP: 11/11
 11335 | D:10     | Found a hazy altar of Hepliaklqana.
 11425 | D:10     | Noticed a two-headed ogre
 11729 | D:11     | Noticed a manticore
 11740 | D:11     | HP: 2/75 [manticore (13)]
 12472 | D:10     | Killed an oklob plant
 13247 | D:10     | Killed a two-headed ogre
 13361 | D:11     | Reached skill level 1 in Evocations
 14132 | D:11     | Found a staircase to the Orcish Mines.
 14301 | D:11     | Got a coiled glass ring
 14302 | D:11     | Identified the ring "Saxayben" {+Fly rPois Dex+3} (You
                  | found it on level 11 of the Dungeon)
 14314 | D:12     | Noticed a cyclops
 14435 | D:12     | Reached skill level 1 in Spellcasting
 14661 | D:11     | Killed a manticore
 14661 | D:11     | Reached skill level 5 in Charms
 14905 | D:12     | Learned a level 3 spell: Ozocubu's Armour
 14968 | D:12     | You fall into a shaft and drop 3 floors!
 14968 | D:15     | Entered Level 15 of the Dungeon
 14968 | D:15     | Found a shadowy altar of Dithmenos.
 14987 | D:15     | Found Zohaschaps's General Store.
 14988 | D:15     | Noticed a red ugly thing
 14999 | D:15     | Found Qisaxen's Gadget Emporium.
 15007 | D:15     | Noticed a two-headed ogre
 15051 | D:13     | Noticed a cyclops
 15105 | D:14     | Noticed a cyclops
 15150 | D:15     | Bought a wand of iceblast (7) for 121 gold pieces
 15152 | D:15     | Noticed a deep troll
 15163 | D:15     | Reached skill level 10 in Stealth
 15337 | D:13     | Reached XP level 12. HP: 82/82 MP: 1/13
 15540 | D:13     | Reached skill level 1 in Translocations
 15938 | D:12     | Reached skill level 8 in Fighting
 15999 | D:12     | Learned a level 5 spell: Aura of Abjuration
 16629 | D:13     | Found a transporter.
 17182 | D:13     | Reached skill level 1 in Summonings
 17408 | D:13     | Noticed an anaconda
 17409 | D:13     | an anaconda changed into a glowing orange brain
 17625 | D:13     | Found a bloodstained altar of Trog.
 17632 | D:13     | Identified the +8 glaive of a bazaar {freeze, rC+}
 17632 | D:13     | Noticed a tengu warrior
 17637 | D:13     | Found a transporter.
 17638 | D:13     | Noticed a stone giant
 17648 | D:13     | Noticed dracomuter's ghost (journeyman DsAK)
 17718 | D:13     | Reached skill level 1 in Ice Magic
 18010 | D:13     | Reached skill level 5 in Axes
 18044 | D:13     | Noticed a vault guard
 18430 | D:13     | Killed a vault guard
 18496 | D:13     | Found a gate to the Vaults.
 18683 | D:14     | Reached XP level 13. HP: 26/89 MP: 18/18
 19941 | D:15     | Upgraded the game from 0.24-a0-417-g1cce26a4d2 to
                  | 0.24-a0-422-g9eff3895ba
 20112 | D:15     | Found Miciso Nuutz's Weapon Emporium.
 20206 | D:15     | Found Haivutih's Distillery.
 20214 | D:15     | Bought a potion of might for 52 gold pieces
 20214 | D:15     | Bought a potion of resistance for 130 gold pieces
 20214 | D:15     | Bought a potion of ambrosia for 104 gold pieces
 20251 | D:15     | Reached skill level 9 in Fighting
 20493 | D:15     | Bought 2 atropa-tipped darts for 15 gold pieces
 20601 | D:15     | Noticed an ogre mage
 20611 | D:15     | Killed an ogre mage
 20869 | Lair:1   | Entered Level 1 of the Lair of Beasts
 21013 | Lair:2   | Found a dark tunnel.
 21022 | Volcano  | Entered a volcano
 21054 | Volcano  | Reached skill level 5 in Short Blades
 21395 | Lair:1   | Reached skill level 10 in Dodging
 21553 | Orc:1    | Entered Level 1 of the Orcish Mines
 21597 | Orc:1    | Found Ipsio's Jewellery Emporium.
 21673 | Orc:2    | Entered Level 2 of the Orcish Mines
 21673 | Orc:2    | Found Vugys's Food Boutique.
 21673 | Orc:2    | Noticed Josephine
 21675 | Orc:2    | Reached skill level 5 in Summonings
 21877 | Orc:2    | Killed Josephine
 21936 | Orc:2    | Found a flickering gateway to a bazaar.
 21953 | Bazaar   | Entered a bazaar
 21965 | Bazaar   | Found Maqiaj's Book Emporium.
 21966 | Bazaar   | Found Loem's Weapon Emporium.
 21999 | Bazaar   | Found Ziqero's Book Shoppe.
 21999 | Bazaar   | Found Osom's Antique Weapon Shoppe.
 22096 | Bazaar   | Bought a book of Maledictions for 225 gold pieces
 22099 | Bazaar   | Learned a level 2 spell: Ensorcelled Hibernation
 22129 | Orc:1    | Found Routeruq's General Store.
 22200 | Orc:1    | Noticed Erica
 22510 | Orc:1    | Found Astofane's Food Emporium.
 22515 | Orc:1    | Noticed Erica
 22515 | Orc:1    | Erica changed into Erica the mana viper
 22520 | Orc:1    | Killed Erica the mana viper
 22521 | Orc:1    | Found Siwur's General Store.
 22521 | Orc:1    | Found Qiunad's Book Shoppe.
 23274 | Orc:2    | Reached skill level 1 in Hexes
 23274 | Orc:2    | Reached XP level 14. HP: 76/97 MP: 17/21
 23377 | Orc:2    | Found Lepuiwna's Antique Weapon Emporium.
 23384 | Orc:2    | Found Benoyxzi's Gadget Shoppe.
 23875 | Orc:2    | Found a staircase to the Elven Halls.
 23899 | Orc:2    | Reached skill level 5 in Spellcasting
 24525 | Orc:2    | Found Vakoeh's Gadget Shoppe.
 24525 | Orc:2    | Found Fow Diuk's Antique Weapon Boutique.
 24527 | Orc:2    | Found Otunt's Assorted Antiques.
 24529 | Orc:2    | Found Suwinwae's Armour Emporium.
 25197 | Lair:1   | Learned a level 1 spell: Apportation
 25199 | Lair:1   | Learned a level 1 spell: Confusing Touch
 25203 | Lair:1   | Learned a level 3 spell: Tukima's Dance
 25950 | Lair:2   | Found a staircase to the Snake Pit.
 26342 | Lair:2   | Found a staircase to the Shoals.
 26685 | Orc:1    | Bought the ring of Shadows {Umbra +Inv Stlth+} for 600 gold
                  | pieces
 26685 | Orc:1    | Found the ring of Shadows {Umbra +Inv Stlth+}
 27722 | Lair:4   | Noticed Nessos
 27731 | Lair:4   | Killed Nessos
 28000 | Lair:4   | Learned a level 2 spell: Swiftness
 28961 | Lair:4   | Reached skill level 10 in Throwing
 29333 | Lair:5   | Reached skill level 10 in Fighting
 29378 | Lair:6   | Entered Level 6 of the Lair of Beasts
 29602 | Lair:5   | Found a staircase to the Slime Pits.
 29603 | Lair:5   | Found a viscous altar of Jiyva.
 30644 | Orc:2    | Bought an ancient buckler for 209 gold pieces
 30649 | Orc:2    | Identified the cursed +0 buckler of Inquiry {+Blink rElec
                  | Regen+} (You bought it in a shop on level 2 of the Orcish
                  | Mines)
 31573 | Lair:5   | Reached skill level 1 in Shields
 31909 | Lair:5   | Upgraded the game from 0.24-a0-422-g9eff3895ba to
                  | 0.24-a0-423-g6870c0f642
 32046 | Lair:6   | Reached skill level 5 in Necromancy
 32468 | Lair:6   | Reached XP level 15. HP: 87/104 MP: 23/23
 32567 | Lair:6   | Found a large runed translucent door.
 32569 | Lair:6   | Found a large runed translucent door.
 32992 | Lair:6   | Identified the Grimoire of Supportive Lightness
 33278 | Lair:5   | Became a worshipper of Jiyva Jeocsita the Shapeless
 34069 | D:15     | Found a staircase to the Depths.
 34178 | D:15     | Found Ivian's Jewellery Boutique.
 34253 | D:15     | Reached skill level 5 in Evocations
 34675 | D:14     | Learned a level 3 spell: Confuse
 34935 | D:15     | Reached * piety under Jiyva
 35460 | D:4      | Killed jotwebe's ghost
 35511 | D:4      | Reached ** piety under Jiyva
 35725 | D:12     | Reached *** piety under Jiyva
 35769 | D:13     | Got a glittering amber ring
 35792 | D:13     | Identified the ring of Wofuet Kyano {rC+ Dex+4 Stlth+} (You
                  | found it on level 13 of the Dungeon)
 36003 | D:13     | Gained mutation: You are dopey. (Int -2) [mutagenic glow]
 36044 | D:13     | Lost mutation: You are resistant to hostile enchantments.
                  | (MR+) [Jiyva's grace]
 36064 | D:13     | Reached **** piety under Jiyva
 36179 | D:13     | Killed dracomuter's ghost
 36346 | Snake:1  | Entered Level 1 of the Snake Pit
 36459 | Snake:1  | Upgraded the game from 0.24-a0-423-g6870c0f642 to
                  | 0.24-a0-433-gbe6fa4f6cc
 36489 | Snake:1  | Gained mutation: You are partially covered in icy blue
                  | scales. (AC +2) [Jiyva's grace]
 36774 | Snake:1  | Reached skill level 5 in Hexes
 36779 | Snake:1  | Reached skill level 1 in Air Magic
 36861 | Snake:1  | Reached ***** piety under Jiyva
 36983 | Snake:1  | Found a runed translucent gate.
 36983 | Snake:1  | Found a runed translucent gate.
 36983 | Snake:1  | Found a runed translucent gate.
 37461 | Snake:1  | Gained mutation: Your pliable body absorbs attacks. (AC +2,
                  | EV +2) [Jiyva's grace]
 37680 | Snake:1  | Reached XP level 16. HP: 55/111 MP: 26/26
 37739 | Snake:1  | Lost mutation: You expend magic power (3 MP) to strengthen
                  | your wands. [Jiyva's grace]
 37925 | Snake:2  | Lost mutation: Your pliable body absorbs attacks. (AC +2,
                  | EV +2) [Jiyva's grace]
 37934 | Snake:2  | Reached ****** piety under Jiyva
 38006 | Snake:1  | Learned a level 3 spell: Dazzling Spray
 38064 | Snake:2  | Reached skill level 5 in Shields
 38072 | Snake:2  | Lost mutation: You are dopey. (Int -2) [Jiyva's grace]
 38082 | Snake:2  | Reached skill level 11 in Fighting
 38121 | Snake:2  | Noticed a nagaraja
 38635 | Snake:2  | Slimified a nagaraja
 38635 | Snake:2  | a nagaraja changed into a slime creature
 38746 | Snake:2  | Gained mutation: You are robust. (+10% HP) [Jiyva's grace]
 39490 | Snake:3  | Noticed an acid blob
 39490 | Snake:3  | a naga warrior changed into an acid blob
 39498 | Snake:3  | Noticed a nagaraja
 39500 | Snake:3  | Killed an acid blob
 39570 | Snake:3  | Killed a nagaraja
 39715 | Snake:3  | HP: 5/124 [naga warrior/+0 halberd (3)]
 39877 | Snake:3  | Noticed an acid blob
 39877 | Snake:3  | a naga sharpshooter changed into an acid blob
 39885 | Snake:3  | Gained mutation: You possess an exceptional clarity of
                  | mind. [Jiyva's grace]
 39918 | Snake:3  | Gained mutation: You have a small jelly attached to you
                  | that may absorb incoming projectiles. [Jiyva's grace]
 40021 | Snake:3  | Found a bloodstained altar of Trog.
 40027 | Snake:3  | Noticed a nagaraja
 40209 | Snake:2  | Slimified a nagaraja
 40209 | Snake:2  | Noticed an azure jelly
 40209 | Snake:2  | a nagaraja changed into an azure jelly
 40217 | Snake:3  | Lost mutation: You are partially covered in icy blue
                  | scales. (AC +2) [Jiyva's grace]
 40221 | Snake:3  | Noticed an acid blob
 40221 | Snake:3  | a naga sharpshooter changed into an acid blob
 40342 | Snake:4  | Entered Level 4 of the Snake Pit
 40888 | Snake:4  | Found a white marble altar of Elyvilon.
 40900 | Snake:4  | Noticed Aizul
 41150 | Snake:4  | Gained mutation: You are partially covered in thin metallic
                  | scales. (AC +2) [Jiyva's grace]
 41708 | Snake:4  | Lost mutation: You have a small jelly attached to you that
                  | may absorb incoming projectiles. [Jiyva's grace]
 41773 | Snake:4  | Noticed a nagaraja
 41802 | Snake:4  | Slimified a nagaraja
 41802 | Snake:4  | a nagaraja changed into a slime creature
 41831 | Snake:4  | Lost mutation: You are robust. (+10% HP) [Jiyva's grace]
 42154 | Snake:4  | Noticed a nagaraja
 42154 | Snake:4  | Noticed a nagaraja
 42155 | Snake:4  | Noticed a nagaraja
 42157 | Snake:4  | Noticed a nagaraja
 42159 | Snake:4  | Got a serpentine rune of Zot
 42319 | Snake:4  | Noticed a nagaraja
 42347 | Snake:4  | Slimified a nagaraja
 42347 | Snake:4  | Noticed an acid blob
 42347 | Snake:4  | a nagaraja changed into an acid blob
 42514 | Snake:4  | Reached XP level 17. HP: 105/119 MP: 27/28
 42515 | Snake:4  | Reached skill level 5 in Air Magic
 42649 | Snake:4  | Gained mutation: You have acidic saliva. [Jiyva's grace]
 42839 | Shoals:1 | Entered Level 1 of the Shoals
 43256 | Shoals:1 | Gained mutation: Your spells are a little harder to cast,
                  | but a little more powerful. [Jiyva's grace]
 43324 | Shoals:1 | Lost mutation: You possess an exceptional clarity of mind.
                  | [Jiyva's grace]
 43394 | Shoals:1 | Gained mutation: You possess an exceptional clarity of
                  | mind. [Jiyva's grace]
 43615 | Shoals:1 | Gained mutation: You are agile. (Dex +2) [Jiyva's grace]
 43663 | Shoals:1 | Learned a level 4 spell: Airstrike
 43957 | Shoals:1 | Reached skill level 12 in Fighting
 44178 | Shoals:2 | Lost mutation: You have acidic saliva. [Jiyva's grace]
 44592 | Shoals:2 | Gained mutation: You are very agile. (Dex +4) [Jiyva's
                  | grace]
 44693 | Shoals:2 | Found a sacrificial altar of Ru.
 44698 | Shoals:2 | Noticed a kraken
 44779 | Shoals:2 | Killed a kraken
 45031 | Shoals:2 | Lost mutation: You possess an exceptional clarity of mind.
                  | [Jiyva's grace]
 45391 | Shoals:3 | Found a frozen archway.
 45394 | IceCv    | Entered an ice cave
 45660 | IceCv    | Noticed an Ice Fiend
 45692 | IceCv    | HP: 3/119 [Ice Fiend (8)]
 45692 | IceCv    | Slain by an Ice Fiend

Levels and vault maps discovered:
D:1:      wheals_arrival_shading, layout_rooms, st_stairs_13
D:2:      layout_basic, overflow_temple_1_default, tso_altar
D:3:      layout_loops_ring, marbit_many_paths, first_ration, minivault_26,
          grunt_qazlal_sundering
D:4:      layout_rooms, gammafunk_ghost_icy, uniq_crazy_yiuf_cottage,
          uniq_duvessa, uniq_edmund
D:5:      layout_basic, minmay_temple_entry_overgrown
D:6:      layout_loops_ring, lemuel_coloured_pillars_altar, elyvilon_altar_3,
          kennysheep_mini_moat
D:7:      layout_basic, nicolae_ossuary_entry_ruins
D:8:      layout_basic, nicolae_overflow_crystal_walls
D:9:      layout_rooms, minitemple, nicolae_ru_sacrificial_ziggurat,
          serial_shops, shop
D:10:     layout_roguey, dpeg_oklobed_lair, basic_altar
D:11:     layout_loops_ring, orc_0_dummy
D:12:     layout_basic, gauntlet_entry_generic
D:13:     layout_long_grid, grunt_vaults_entry_tiered,
          gammafunk_ghost_wrathful_warriors, the_bakery, nooodl_food_tri
D:14:     layout_basic
D:15:     hangedman_depths_entry_civil_slaughter, layout_rooms, serial_shops,
          nicolae_shop_competitors_out_of_business, shop, shop,
          nicolae_shop_statue_plus, nicolae_shop_waterfront,
          nicolae_dithmenos_shadow_blocks
Temple:   dpeg_chambers_temple
Lair:1:   layout_concentric_octagons, fungi_pond_lemuel, serial_bayou_shore_b
Lair:2:   layout_misc_corridors, elwin_shoals_entry_rooms,
          guppyfry_snake_entry_garden, nicolae_volcano_entry_lava_flow,
          lemuel_fruit_tree
Lair:3:   layout_cave_pods
Lair:4:   layout_small_grid, grunt_megastairs_2, uniq_nessos
Lair:5:   layout_cave_pods, slime_altar_1
Lair:6:   cheibrodos_lair_end_hotspot, layout_cave_pods
Shoals:1: layout_shoals
Shoals:2: layout_shoals, wheals_shoals_ruined_temple
Shoals:3: layout_shoals, portal_ice_cave_entry_ice_statue_two
Snake:1:  layout_chambers, nicolae_snake_horde_hoard
Snake:2:  layout_misc_corridors, st_stairs_7, serial_bayou_ford_a, drop_trap,
          nicolae_snake_shapes
Snake:3:  layout_onion, basic_altar
Snake:4:  snake_pit, layout_misc_corridors, basic_altar, abandoned_shop,
          uniq_aizul
Orc:1:    layout_caves, serial_shops, shop,
          nicolae_shop_competitors_out_of_business, nicolae_shop_trees, shop,
          nicolae_shop_stone, roderic_batcave, uniq_erica
Orc:2:    st_orc_rangers, layout_caves, serial_shops, bzr_entry_dummy, shop,
          nicolae_shop_window_shopping, shop, uniq_josephine
IceCv:    ice_cave_tombish

Skill      XL: |  1  2  3  4  5  6  7  8  9 10 11 12 13 14 15 16 17 |
---------------+----------------------------------------------------+-----
Dodging        | 2 3 4 6 7 8 9 10 11 | 11.5
Short Blades   | 3 4 5 |  5.1
Fighting       | 3 4 5 6 7 8 9 10 11 12 | 12.1
Throwing       | 3 4 5 6 7 8 9 10 11 | 11.2
Stealth        | 6 7 8 9 10 11 | 11.1
Maces & Flails | 1 3 5 6 |  6.4
Necromancy     | 2 4 5 |  5.6
Charms         | 3 5 6 7 8 |  8.4
Axes           | 2 4 5 6 7 8 |  8.6
Evocations     | 1 2 4 6 7 8 |  8.2
Spellcasting   | 1 3 4 5 6 7 8 |  8.4
Translocations | 2 3 4 |  4.3
Summonings     | 3 5 6 |  6.2
Ice Magic      | 1 2 3 |  3.4
Hexes          | 1 3 5 7 8 |  8.4
Shields        | 1 4 6 7 |  7.4
Air Magic      | 2 4 5 |  5.6
Conjurations   | |  0.6

Action                   |  1- 3 |  4- 6 |  7- 9 | 10-12 | 13-15 | 16-18 || total
-------------------------+-------+-------+-------+-------+-------+-------++-------
Melee: Dagger            |    64 |    76 |    48 |    37 |    99 |   213 ||   537
       Constrict         |    21 |    17 |    41 |    96 |   131 |   112 ||   418
       Tentacles         |     9 |     8 |    61 |   130 |   316 |   317 ||   841
       Mace              |       |     7 |   221 |   104 |       |       ||   332
       Hand axe          |       |       |       |   438 |   947 |   824 ||  2209
       Flail             |       |       |       |     3 |       |       ||     3
       Short sword       |       |       |       |       |     7 |       ||     7
       Bite              |       |       |       |       |       |    64 ||    64
Throw: Dart              |    16 |    24 |    88 |   164 |   286 |    32 ||   610
       Stone             |       |       |    49 |     1 |       |       ||    50
       Boomerang         |       |       |       |    73 |   238 |   215 ||   526
       Throwing net      |       |       |       |     3 |     1 |       ||     4
       Javelin           |       |       |       |       |       |    30 ||    30
 Cast: Shroud of Golubri |       |       |       |    56 |   160 |    76 ||   292
       Regeneration      |       |       |       |    21 |   109 |   139 ||   269
       Ozocubu's Armour  |       |       |       |    20 |    94 |    47 ||   161
       Ensorcelled Hiber |       |       |       |       |     8 |    13 ||    21
       Confusing Touch   |       |       |       |       |    55 |    68 ||   123
       Confuse           |       |       |       |       |    15 |    84 ||    99
       Apportation       |       |       |       |       |     8 |    22 ||    30
       Tukima's Dance    |       |       |       |       |     2 |    71 ||    73
       Dazzling Spray    |       |       |       |       |       |   135 ||   135
       Swiftness         |       |       |       |       |       |     1 ||     1
       Airstrike         |       |       |       |       |       |    17 ||    17
       Aura of Abjuratio |       |       |       |       |       |     1 ||     1
Invok: Request Jelly     |       |       |       |       |     8 |       ||     8
       Slimify           |       |       |       |       |       |    11 ||    11
 Abil: Evoke Berserk Rag |       |     1 |       |       |       |       ||     1
       Evoke Blink       |       |       |       |       |    32 |     8 ||    40
       Evoke Invisibilit |       |       |       |       |    11 |     1 ||    12
       Evoke Flight      |       |       |       |       |     9 |       ||     9
       Stop Flying       |       |       |       |       |     3 |       ||     3
Evoke: Wand              |       |       |       |    22 |    52 |    39 ||   113
       Lamp of fire      |       |       |       |       |     3 |     3 ||     6
       Box of beasts     |       |       |       |       |     1 |       ||     1
  Use: Scroll            |       |     4 |    12 |    10 |    10 |    15 ||    51
       Potion            |       |       |     2 |     7 |     6 |     4 ||    19
 Stab: Sleeping          |    10 |    21 |    16 |    22 |    77 |    41 ||   187
       Distracted        |       |       |     1 |     1 |       |     5 ||     7
       Paralysed         |       |       |       |    12 |       |       ||    12
       Invisible         |       |       |       |     2 |    15 |    36 ||    53
       Held in net/web   |       |       |       |     1 |       |       ||     1
       Confused          |       |       |       |       |    50 |    81 ||   131
  Eat: Chunk             |       |     7 |    13 |    40 |    65 |       ||   125
       Ration            |       |       |     1 |     2 |     3 |       ||     6
Armor: Skin              |     9 |     2 |    62 |    85 |   126 |    88 ||   372
Dodge: Dodged            |    31 |    51 |   172 |   445 |   973 |  1241 ||  2913
Block: Buckler           |       |       |       |       |    91 |   402 ||   493

Table legend:
 A = Non-vault XP
 B = Vault XP
 C = Vault XP percentage of total XP
 D = Non-vault monster count
 E = Vault monster count
 F = Vault count percentage of total count
                 A         B        C        D         E       F
            +---------+---------+-------+---------+---------+-------
      Total |  166021 |   69186 |  29.4 |     755 |     211 |  21.8
            +---------+---------+-------+---------+---------+-------
        D:1 |      56 |       4 |   6.7 |      30 |       2 |   6.2
        D:2 |     123 |       0 |   0.0 |      26 |       0 |   0.0
        D:3 |      91 |       1 |   1.1 |      20 |       1 |   4.8
        D:4 |     768 |    1040 |  57.5 |      24 |      12 |  33.3
        D:5 |     953 |       0 |   0.0 |      10 |       0 |   0.0
        D:6 |     840 |       0 |   0.0 |      27 |       0 |   0.0
        D:7 |    1142 |       0 |   0.0 |      16 |       0 |   0.0
        D:8 |     812 |       0 |   0.0 |      27 |       0 |   0.0
        D:9 |    1128 |       0 |   0.0 |      21 |       0 |   0.0
       D:10 |    6102 |     617 |   9.2 |      49 |       1 |   2.0
       D:11 |    4251 |       0 |   0.0 |      43 |       0 |   0.0
       D:12 |    2391 |     391 |  14.1 |      16 |       3 |  15.8
       D:13 |    5675 |   12770 |  69.2 |      28 |      36 |  56.2
       D:14 |    8419 |       0 |   0.0 |      27 |       0 |   0.0
       D:15 |    4379 |    5060 |  53.6 |      22 |       6 |  21.4
     Lair:1 |    3044 |       0 |   0.0 |      19 |       0 |   0.0
     Lair:2 |    4542 |     785 |  14.7 |      22 |       4 |  15.4
     Lair:3 |    1311 |       0 |   0.0 |       7 |       0 |   0.0
     Lair:4 |    2028 |    3154 |  60.9 |      11 |       5 |  31.2
     Lair:5 |    7580 |       0 |   0.0 |      27 |       0 |   0.0
     Lair:6 |    5787 |    7071 |  55.0 |      21 |      19 |  47.5
   Shoals:1 |   24855 |       0 |   0.0 |      52 |       0 |   0.0
   Shoals:2 |   16442 |    3703 |  18.4 |      40 |       3 |   7.0
   Shoals:3 |    1390 |       0 |   0.0 |       3 |       0 |   0.0
    Snake:1 |   14251 |    8196 |  36.5 |      28 |      23 |  45.1
    Snake:2 |   14810 |    3815 |  20.5 |      30 |       8 |  21.1
    Snake:3 |   14023 |    1571 |  10.1 |      29 |       1 |   3.3
    Snake:4 |   15961 |    5277 |  24.8 |      34 |      14 |  29.2
      Orc:1 |    1523 |    1683 |  52.5 |      21 |      13 |  38.2
      Orc:2 |    1344 |    6070 |  81.9 |      25 |      34 |  57.6
    Ossuary |       0 |     895 | 100.0 |       0 |      15 | 100.0
      IceCv |       0 |    1767 | 100.0 |       0 |       5 | 100.0
    Volcano |       0 |    5316 | 100.0 |       0 |       6 | 100.0
            +---------+---------+-------+---------+---------+-------
